 Dungeon Crawl Stone Soup version 0.19.0 (webtiles) character file.

19 Jorund the Grave Robber (level 2, -2/17 HPs)
             Began as an Octopode Necromancer on Nov 1, 2016.
             Slain by a jackal (3 damage)
             ... on level 1 of the Dungeon.
             The game lasted 00:01:41 (788 turns).

Jorund the Grave Robber (Octopode Necromancer)       Turns: 788, Time: 00:01:41

Health: -2/17      AC:  1    Str:  7    XL:     2   Next: 75%
Magic:  0/5        EV: 13    Int: 17    God:
Gold:   41         SH:  0    Dex: 12    Spells: 1 memorised, 4 levels left

rFire  + . .     SeeInvis .     i - +0 dagger
rCold  + . .     Gourm    .     (no shield)
rNeg   . . .     Faith    .     (helmet restricted)
rPois  +         Spirit   .     (no amulet)
rElec  +         Reflect  .     f - ring of teleportation (curse)
rCorr  +         Harm     .     (no ring)
MR     .....     Rnd*Tele +     (no ring)
Stlth  +++.......               (no ring)
                                (no ring)
                                (no ring)
                                (no ring)
                                (no ring)

@: resistant
A: almost no armour, stealthy swim, amphibious, 8 rings, constrict 8, camouflage
1, gelatinous body 1
a: no special abilities


You were on level 1 of the Dungeon.
You were not hungry.

You visited 1 branch of the dungeon, and saw 1 of its levels.

You collected 41 gold pieces.

Inventory:

Hand Weapons
 i - a +0 dagger (weapon)
Armour
 h - a +0 shield
Jewellery
 f - a cursed ring of teleportation (left tentacle)
Scrolls
 c - a scroll of enchant armour {unknown}
 e - 2 scrolls of recharging {unknown}
 g - a scroll of identify {unknown}
 j - 3 scrolls of fog {unknown}
Books
 a - a book of Necromancy

   Spells                             Type                      Level
   a - Pain                           Necromancy                   1
   b - Animate Skeleton               Necromancy                   1
   c - Vampiric Draining              Necromancy                   3
   d - Regeneration                   Charms/Necromancy            3
   e - Animate Dead                   Necromancy                   4
   f - Control Undead                 Necromancy                   4
Comestibles
 b - 2 bread rations
 d - a chunk of flesh


   Skills:
 - Level 2.0 Dodging
 - Level 2.6 Stealth
 + Level 2.3 Spellcasting
 + Level 4.5 Necromancy


You had 4 spell levels left.
You knew the following spells:

 Your Spells              Type           Power        Failure   Level  Hunger
a - Pain                  Necr           ###.         2%          1    #......


Dungeon Overview and Level Annotations

Branches:
Dungeon (1/15)

Altars:


Innate Abilities, Weirdness & Mutations

You cannot wear most types of armour.
You are very stealthy in the water. (Stealth+)
You are amphibious.
You can wear up to eight rings at the same time.
You can use your tentacles to constrict eight enemies at once.
Your skin changes colour to match your surroundings (Stealth+).
Your rubbery body absorbs attacks. (AC +1, EV +1)


Message History

The jackal closely misses you.
Unknown command.
You hit the jackal but do no damage. Your grab misses the jackal.
The jackal is lightly wounded.
The jackal completely misses you. The jackal misses you.
Unknown command.
You hit the jackal but do no damage. Your grab misses the jackal.
The jackal is lightly wounded.
Unknown command.
Casting: Pain
Confirm with . or Enter, or press ? or * to list all spells.
Aiming: Pain
Press: ? - help, Shift-Dir - straight line, f - jackal
Aim: a jackal (lightly wounded, chance to defeat MR: 87%)
The jackal writhes in agony!
The jackal bites you.
* * * LOW HITPOINT WARNING * * *
The jackal misses you.
Unknown command.
The jackal bites you.
You die...

######........#########
............(.'..Kh....
######........#####'### ...#
#........# .....##.........
...###.......†###.....##...#.....
...'.........(.K#.....##[.###...#
...#...########h#.....# ...#.....
...#.#.### #.h.....# #.......
####.#...# ##@##'### #......#
#.##### #.# #.....# #.# #.##
#.....# #.. #..# #.....# ###
##.#.# #.....# #.#.# #......
#.#.#.+ +....## #.#.#.# #..÷.#
#.#.#.# #.####


You could see 2 jackals and a kobold.

Vanquished Creatures
  A giant cockroach (D:1)
  3 goblins (D:1)
  2 hobgoblins (D:1)
  5 jackals (D:1)
  A frilled lizard (D:1)
  3 kobolds (D:1)
  A rat (D:1)
16 creatures vanquished.

Notes
Turn   | Place    | Note
-------+----------+-------------------------------------------
     0 | D:1      | Jorund the Octopode Necromancer began the quest for the Orb.
     0 | D:1      | Reached XP level 1. HP: 11/11 MP: 3/3
   282 | D:1      | Reached XP level 2. HP: 14/17 MP: 0/5
   788 | D:1      | Slain by a jackal

Action                   || total
-------------------------++-------
Melee: Unarmed           ||     1
       Dagger            ||    19
       Constrict         ||     2
       Tentacles         ||     2
 Cast: Pain              ||    22
  Use: Potion            ||     2
 Stab: Sleeping          ||     1
Armor: Skin              ||     4
Dodge: Dodged            ||    20
